 Dungeon Crawl Stone Soup version 0.28-a0-630-g0357d9c091 (webtiles) character file.

Game seed: 12987874871045877829

39 Ijustatesigmund the Fighter (level 3, -1/38 HPs)
             Began as a Gnoll Wanderer on Oct 9, 2021.
             Slain by an orc (3 damage)
             ... on level 3 of the Dungeon.
             The game lasted 00:03:16 (1308 turns).

Ijustatesigmund the Fighter (Gnoll Wanderer)        Turns: 1308, Time: 00:03:17

Health: -1/38      AC:  8    Str: 11    XL:     3   Next: 45%
Magic:  9/9        EV:  5    Int: 12    God:
Gold:   30         SH:  0    Dex: 11    Spells: 11/12 levels left

rFire   . . .      SeeInvis .   a - +2 spear
rCold   . . .      Faith    .   (no shield)
rNeg    . . .      Spirit   .   b - +0 chain mail
rPois   .          Reflect  .   (no helmet)
rElec   .          Harm     .   (no cloak)
rCorr   .          Rampage  .   (no gloves)
Will    .....                   (no boots)
Stlth   ..........              (no amulet)
HPRegen 0.12/turn               (no ring)
MPRegen 0.11/turn               (no ring)

@: confused
A: fangs 1, strong nose, distributed training
a: no special abilities


You were on level 3 of the Dungeon.
You visited 1 branch of the dungeon, and saw 3 of its levels.

You collected 30 gold pieces.

Inventory:

Hand Weapons
 a - a +2 spear (weapon)
Missiles
 f - 6 curare-tipped darts
Armour
 b - a +0 chain mail (worn)
 c - a +0 robe
Scrolls
 h - a scroll of immolation {unknown}
 i - a scroll of identify {unknown}
 k - a scroll of acquirement {unknown}
Potions
 e - a potion of cancellation {unknown}
 g - a potion of invisibility {unknown}
 j - a potion of curing {unknown}


   Skills:
 + Level 8.5 Fighting
 + Level 0.8 Short Blades
 + Level 0.8 Long Blades
 + Level 0.8 Axes
 + Level 0.8 Maces & Flails
 + Level 0.8 Polearms
 + Level 0.8 Staves
 + Level 0.8 Slings
 + Level 0.8 Bows
 + Level 0.8 Crossbows
 + Level 2.6 Throwing
 + Level 2.6 Armour
 + Level 0.8 Dodging
 + Level 0.8 Stealth
 + Level 2.6 Shields
 + Level 0.8 Unarmed Combat
 + Level 5.0 Spellcasting
 + Level 0.5 Conjurations
 + Level 0.5 Hexes
 + Level 0.5 Summonings
 + Level 0.5 Necromancy
 + Level 0.5 Translocations
 + Level 0.5 Transmutations
 + Level 0.5 Fire Magic
 + Level 2.1 Ice Magic
 + Level 0.5 Air Magic
 + Level 0.5 Earth Magic
 + Level 0.5 Poison Magic
 + Level 1.0 Invocations
 + Level 0.8 Evocations


You had 11 spell levels left.
You knew the following spells:

 Your Spells              Type           Power      Damage    Failure   Level
a - Foxfire               Conj/Fire      16%        2x1d4     100%        1

Your spell library contained the following spells:

 Spells                   Type           Power      Damage    Failure   Level
 Animate Skeleton         Necr           8%         N/A       100%        1
 Pain                     Necr           16%        1d4       100%        1
 Stone Arrow              Conj/Erth      8%         3d7       100%        3
 Vampiric Draining        Necr           2%         2d6       100%        3


Dungeon Overview and Level Annotations

Branches:
Dungeon (3/15)

Altars:

Shops:
D:2 (*


Innate Abilities, Weirdness & Mutations

You have very sharp teeth.
Your uncanny sense of smell can sniff out nearby items.
Your experience applies equally to all skills.


Message History

You miss something. The gnoll hits you with a +0 whip.
The orc hits you with a +0 dagger. The orc barely misses you.
The orc hits you but does no damage.
The orc wizard hits you but does no damage.
Something completely misses you.
You hit something. The gnoll hits you with a +0 whip.
The orc hits you but does no damage. The orc hits you with a +0 flail.
The orc wizard hits you but does no damage.
The orc hits you with a +3 short sword. Something completely misses you.
You hit something but do no damage. The gnoll hits you but does no damage.
The orc hits you but does no damage. x2
The orc wizard hits you but does no damage.
The orc hits you but does no damage. Something hits you.
You feel much better. The orc barely misses you.
The orc hits you with a +0 flail. The orc wizard barely misses you.
The orc hits you but does no damage.
You hear some strange, mumbled words.
A magic dart appears from out of thin air!
The magic dart hits you but does no damage.
You miss something. The orc barely misses you.
The orc hits you with a +0 flail. The orc wizard barely misses you.
The orc hits you with a +3 short sword. The gnoll barely misses you.
Something hits you but does no damage.
Your chain mail prevents you from hitting something.
The orc hits you but does no damage. x2
The orc wizard gestures at you while chanting.
You are confused.
The orc hits you with a +3 short sword. Something hits you but does no damage.
The gnoll hits you with a +0 flail. The orc hits you but does no damage.
Your chain mail prevents you from hitting the orc wizard.
The orc wizard is moderately wounded.
The orc hits you but does no damage.
The orc wizard hits you with a +0 dagger.
* * * LOW HITPOINT WARNING * * *
The orc hits you but does no damage. The gnoll hits you with a +0 flail!
* * * LOW HITPOINT WARNING * * *
You hear some strange, mumbled words.
You are more confused.
The orc hits you with a +0 dagger.
You die...

#.#.. ..#.+
##.#..##...
..........
###.......#
....... ..###
>..#...##...######
#.o...<...^......
###.#.###{oo)###
#. #o@o...# ..
#gg##.....#
.....gg# .....
.#.###.## #...
#...#?#. .. #
#.###. . #.....
##.##


You could see an orc wizard, 4 gnolls and 3 orcs.

Vanquished Creatures
  3 ball pythons
  4 bats
  5 endoplasms
  4 giant cockroaches (D:1)
  2 goblins (D:1)
  4 hobgoblins
  A kobold (D:1)
  A quokka (D:1)
  4 frilled lizards
  5 rats
33 creatures vanquished.

Notes
Turn   | Place    | Note
-------+----------+-------------------------------------------
     0 | D:1      | Ijustatesigmund the Gnoll Wanderer began the quest for the
                  | Orb.
     0 | D:1      | Ijustatesigmund set off with the following items: a +2
                  | spear, a potion of lignification, a +0 robe; and the
                  | following spell memorised: Foxfire; and the following
                  | spells available to memorise: Stone Arrow
     0 | D:1      | Reached XP level 1. HP: 26/26 MP: 6/6
   135 | D:1      | Reached XP level 2. HP: 33/33 MP: 7/7
   414 | D:1      | Reached XP level 3. HP: 30/38 MP: 9/9
   677 | D:2      | Reached skill level 5 in Spellcasting
   915 | D:2      | Found Vagusa's General Store.
   970 | D:2      | Found Lupsenne's Antique Weapon Boutique.
  1112 | D:2      | Reached skill level 1 in Invocations
  1308 | D:3      | Slain by an orc

Illustrated notes

Levels and vault maps discovered:
D:1:      saegor_arrival_simple_d, layout_rooms, chequers_avenue, minivault_4
D:2:      layout_basic, serial_shops, shop, shop, small_statue_intersection,
          amcnicky_mini_pool_small, minmay_strange_pillars
D:3:      layout_rooms, hellmonk_ecumenical_altar_heavens_door, chequers_garden,
          item_on_display_b

Skill      XL: |  1  2  3 |
---------------+----------+-----
Ice Magic      | 2 |  2.1
Spellcasting   | 5 |  5.0
Invocations    | 1 |  1.0
Fighting       | |  8.5
Short Blades   | |  0.8
Long Blades    | |  0.8
Axes           | |  0.8
Maces & Flails | |  0.8
Polearms       | |  0.8
Staves         | |  0.8
Slings         | |  0.8
Bows           | |  0.8
Crossbows      | |  0.8
Throwing       | |  2.6
Armour         | |  2.6
Dodging        | |  0.8
Stealth        | |  0.8
Shields        | |  2.6
Unarmed Combat | |  0.8
Conjurations   | |  0.5
Hexes          | |  0.5
Summonings     | |  0.5
Necromancy     | |  0.5
Translocations | |  0.5
Transmutations | |  0.5
Fire Magic     | |  0.5
Air Magic      | |  0.5
Earth Magic    | |  0.5
Poison Magic   | |  0.5
Evocations     | |  0.8

Action                   || total
-------------------------++-------
Melee: Spear             ||   109
       Bite              ||    12
  Use: Potion            ||     2
 Stab: Sleeping          ||     2
Armor: Robe              ||     6
       Chain mail        ||    49
Dodge: Dodged            ||    34

Table legend: (Time is in decaauts)
 A = Elapsed time spent in this place.
 B = Non-inter-level travel time spent in this place.
 C = Inter-level travel time spent in this place.
 D = Time resting spent in this place.
 E = Time spent auto-exploring this place.
 F = Levels seen in this place.
 G = Mean time per level.
                   A        B        C        D        E       F      G
               +--------+--------+--------+--------+--------+-----+--------+
         Total |   1317 |   1279 |     38 |      3 |   1029 |   3 |  439.0 |
       Dungeon |   1317 |   1279 |     38 |      3 |   1029 |   3 |  439.0 |
               +--------+--------+--------+--------+--------+-----+--------+

Top non-repeatable levels by time:
     D:1: 671 daAuts
     D:2: 627 daAuts
     D:3: 18 daAuts
